 Dungeon Crawl Stone Soup version 0.30-a0-137-gd8773701ce (webtiles) character file.

Game seed: 7295841272027932881

58702 IdlyInterested the Basher (level 14, -21/177 HPs)
             Began as a Demonspawn Fighter on Sept 21, 2022.
             Was a High Priest of Trog.
             Demolished by an orc knight
             ... wielding a +0 dire flail
              (27 damage)
             ... on level 2 of the Orcish Mines.
             The game lasted 01:05:36 (20206 turns).

IdlyInterested the Basher (Demonspawn Fighter)     Turns: 20206, Time: 01:05:37

Health: -21/177    AC: 32    Str: 28    XL:     14   Next: 50%
Magic:  14/14      EV:  9    Int:  5    God:    Trog [*****.]
Gold:   2032       SH: 15    Dex: 24    Spells: 13/13 levels left

rFire   . . .      SeeInvis .    U - +0 morningstar (elec)
rCold   . . .      Faith    .    V - +0 kite shield
rNeg    . . .      Spirit   .    X - +2 plate armour "Duxempuff" {+Inv Will+ Str+3 Int-4}
rPois   .          Reflect  .    o - +0 helmet
rElec   .          Harm     .    B - scarf {shadows}
rCorr   .          Rampage  .    j - +0 pair of gloves
Will    +++++      Rnd*Tele +    k - +1 pair of boots
Stlth   ..........               M - amulet of regeneration
HPRegen 2.19/turn                P - +6 ring of dexterity
MPRegen 0.14/turn                A - +6 ring of strength

@: mighty, berserking (expiring), strong-willed (expiring), regenerating
(expiring), very quick
A: claws 1, molten scales 2, icemail 2, powered by pain 2, condensation shield,
agile 1, strong-willed 1, teleportitis 1
a: Renounce Religion, Evoke Invisibility, Berserk, Trog's Hand, Brothers in Arms


You were on level 2 of the Orcish Mines.
You worshipped Trog.
Trog was extremely pleased with you.
You visited 4 branches of the dungeon, and saw 18 of its levels.
You also visited: Sewer.

You collected 2032 gold pieces.

Inventory:

Hand Weapons
 c - a +0 dire flail
 U - a +0 morningstar of electrocution (weapon)
Missiles
 n - 19 boomerangs
 r - 36 poisoned darts (quivered)
 K - 4 atropa-tipped darts
 L - 3 throwing nets
 N - 12 silver javelins
 Q - 5 curare-tipped darts
 Y - 6 javelins
Armour
 j - a +0 pair of gloves (worn)
 k - a +1 pair of boots (worn)
 o - a +0 helmet (worn)
 w - the +1 plate armour of Beogh's Fury {Contam +Blink rPois}
   (You found it on level 3 of the Dungeon)

   rPois:     It protects you from poison.
   +Blink:    It lets you blink.
   Contam:    It causes magical contamination when unequipped.
 B - a scarf of shadows (worn)
 H - a +2 robe of cold resistance
 O - +0 acid dragon scales
 V - a +0 kite shield (worn)
 X - the +2 plate armour "Duxempuff" (worn) {+Inv Will+ Str+3 Int-4}
   (You found it on level 4 of the Lair of Beasts)

   Str:       It affects your strength (+3).
   Int:       It affects your intelligence (-4).
   +Inv:      It lets you turn invisible.
   Will:      It increases your willpower.
Jewellery
 q - a ring of flight
 s - a ring of fire
 t - a ring of ice
 A - a +6 ring of strength (right hand)
 G - a ring of positive energy
 M - an amulet of regeneration (around neck)
 P - a +6 ring of dexterity (left hand)
 T - a ring of protection from cold
Wands
 b - a wand of mindburst (5)
 d - a wand of flame (52)
 y - a wand of polymorph (11)
 C - a wand of digging (13)
 D - a wand of iceblast (28)
 W - a wand of quicksilver (8)
Scrolls
 e - 6 scrolls of poison
 p - 6 scrolls of butterflies
 x - 3 scrolls of vulnerability
 z - 3 scrolls of magic mapping
 E - 10 scrolls of teleportation
 F - 4 scrolls of identify
 R - a scroll of fear
 S - a scroll of immolation
Potions
 a - 3 potions of attraction
 f - 4 potions of haste
 g - 9 potions of curing
 h - a potion of resistance
 i - 3 potions of mutation
 l - 3 potions of might
 m - 3 potions of invisibility
 u - a potion of heal wounds
 v - 6 potions of flight
 Z - a potion of ambrosia
Miscellaneous
 I - a tin of tremorstones (inert)
 J - a condenser vane (inert)


   Skills:
 + Level 13.3 Fighting
 * Level 14.7 Maces & Flails
 - Level 4.0 Throwing
 - Level 10.0 Armour
 - Level 4.0 Dodging
 - Level 4.0 Stealth
 - Level 4.0 Shields
 - Level 4.0 Unarmed Combat
 + Level 8.1 Evocations


You had 13 spell levels left.
You didn't know any spells.
Your spell library contained the following spells:

 Spells                   Type           Power      Damage    Failure   Level
 Sandblast                Erth           0%         2d4       100%        1
 Cigotuvi's Dreadful Rot  Necr/Pois/Air  0%         N/A       100%        2
 Passwall                 Tmut/Erth      0%         N/A       100%        2
 Poisonous Vapours        Pois/Air       0%         N/A       100%        2
 Static Discharge         Conj/Air       0%         2-2/arc   100%        2
 Ignite Poison            Fire/Tmut/Pois 0%         N/A       100%        3
 Mephitic Cloud           Conj/Pois/Air  0%         N/A       100%        3
 Stone Arrow              Conj/Erth      0%         3d7       100%        3
 Dispel Undead            Necr           0%         3d6       100%        4
 Sticky Flame             Conj/Fire      0%         2d3       100%        4
 Freezing Cloud           Conj/Ice/Air   0%         6-21      100%        5


Dungeon Overview and Level Annotations

Branches:
Dungeon (10/15)            Temple (1/1) D:4            Lair (5/5) D:10
 Shoals (0/4) Lair:2       Spider (0/4) Lair:3        Slime (0/5) Lair:4
    Orc (2/2) D:10            Elf (0/3) Orc:2         Sewer (visited)

Altars:
Ashenzari
Cheibriados
Dithmenos
Fedhas
Gozag
Hepliaklqana
Kikubaaqudgha
Makhleb
Nemelex Xobeh
Okawaru
Qazlal
Ru
Sif Muna
Trog
Uskayaw
Vehumet
Wu Jian
Xom
Yredelemnul


Innate Abilities, Weirdness & Mutations

You have sharp fingernails.
You are mostly covered in molten scales. (AC +3)
A meltable icy envelope protects you from harm. (AC +8)
You sometimes gain power by taking damage.
A meltable shield of frost defends you. (SH +4)
You are agile. (Dex +4, Str/Int -1)
You are strong-willed. (Will+)
You are occasionally teleported next to monsters.


Message History

The orc knight no longer looks unusually strong.
You block the orc knight's attack.
The orc knight roars a battlecry!
The orc knight goes into a battle-frenzy!
The orc knight hits you with a +0 dire flail!!
You hit the orc knight.
The orc knight is severely wounded.
You block the orc knight's attack.
The orc knight hits you with a +0 war axe!
You block the orc knight's attack.
You hit the orc knight.
The orc knight is severely wounded.
You block the orc knight's attack.
The orc knight hits you with a +0 war axe!
You block the orc knight's attack.
You hit the orc knight but do no damage.
The orc knight is severely wounded.
You feel the effects of Trog's Hand fading.
You hit the orc knight but do no damage.
The orc knight is severely wounded.
The orc knight hits you but does no damage.
The orc knight hits you with a +0 war axe!!
* * * LOW HITPOINT WARNING * * *
The orc knight hits you with a +0 dire flail!!
* * * LOW HITPOINT WARNING * * *
You barely miss the orc knight.
The orc knight is severely wounded.
You thump the orc knight!
The orc knight is almost dead.
The orc knight hits you with a +0 broad axe.
* * * LOW HITPOINT WARNING * * *
The orc knight hits you with a +0 war axe!
* * * LOW HITPOINT WARNING * * *
The orc knight hits you but does no damage.
You puncture the orc knight!
The orc knight is almost dead.
The orc knight hits you but does no damage.
The orc knight closely misses you.
The orc knight hits you with a +0 dire flail!!
You die...

..##.......#.# ##.#...#..#
.........).#.# #.....#...#
.....##....###÷..§....##.#.##....
....###....# ....)...###...##...
##.## #....## ÷......##...####..
##.## ##....# ))....##.#.#.#....
#...# ##...####))).##...........
##..## #....##oo)..#..........))
#...# ###...)).@o###...........)
##.####.##......##..............
### #...##...###............#..
####...#####.................
##.#....#.....................
#.............................
#......#......................
#....#........................
##............................


You could see 3 orc knights.

Vanquished Creatures
  An orc warlord (Orc:2)
  A dire elephant (Lair:5)
  2 hydras (Lair:3)
  Fannar (Lair:3)
  A two-headed ogre (D:10)
  A boulder beetle (Orc:2)
  2 catoblepae
  A deep troll shaman (Lair:5)
  9 death yaks
  4 orc high priests
  Urug (Lair:4)
  Sonja (Lair:3)
  An oklob plant (Lair:3)
  2 orc knights (Orc:2)
  3 orc sorcerers (Orc:2)
  14 elephants
  A merfolk siren (Lair:2)
  2 black mambas
  Joseph (D:9)
  5 centaur zombies (D:10)
  Maggie (Lair:1)
  A torpor snail (Lair:4)
  13 cane toads
  6 rime drakes
  6 komodo dragons
  4 polar bears
  3 trolls
  A hornet (D:9)
  17 blink frogs
  3 slime creatures (Lair:4)
  2 dream sheep (Lair:4)
  Sigmund (D:4)
  A shadow (D:8)
  A culicivora (Lair:3)
  3 basilisks
  7 wyverns
  4 steam dragons
  44 yaks
  A wraith (D:10)
  2 vampire mosquitoes (D:10)
  3 wargs (Orc:2)
  13 water moccasins
  An ice beast (D:5)
  Pargi (Sewer)
  25 orc warriors
  4 black bears
  5 ogres
  23 wolves
  7 centaurs
  A phantom (D:5)
  13 bullfrogs
  2 gnoll sergeants
  3 necrophages
  7 scorpions
  2 wights (D:10)
  17 killer bees
  A howler monkey (D:6)
  An electric eel (Lair:3)
  5 hounds
  5 jellies
  A human zombie (D:10)
  9 orc priests
  4 iguanas
  12 hell rats (Lair:3)
  14 orc wizards
  3 mummies (D:10)
  16 gnolls
  9 adders
  3 white imps
  2 worms
  5 dart slugs
  63 orcs
  6 ball pythons
  5 endoplasms
  5 giant cockroaches
  8 goblins
  3 hobgoblins
  3 jackals (D:3)
  3 quokkas
  5 bats
  4 frilled lizards
  16 kobolds
  3 rats
516 creatures vanquished.

Vanquished Creatures (others)
  A bush (Lair:5)
  22 fungi
  27 plants
50 creatures vanquished.

Grand Total: 566 creatures vanquished

Notes
Turn   | Place    | Note
-------+----------+-------------------------------------------
     0 | D:1      | IdlyInterested the Demonspawn Fighter began the quest for
                  | the Orb.
     0 | D:1      | Reached XP level 1. HP: 18/18 MP: 1/1
    79 | D:1      | You fall into a shaft and drop 1 floor!
   316 | D:2      | Reached skill level 2 in Maces & Flails
   316 | D:2      | Gained mutation: A meltable shield of frost defends you.
                  | (SH +4) [demonic ancestry]
   316 | D:2      | Reached XP level 2. HP: 20/24 MP: 2/2
   407 | D:2      | Found a broken altar of Ashenzari.
   532 | D:1      | Found a faded altar of an unknown god.
   706 | D:1      | Gained mutation: You sometimes gain a little power by
                  | taking damage. [demonic ancestry]
   706 | D:1      | Reached XP level 3. HP: 29/29 MP: 3/3
  1405 | D:2      | Gained mutation: You are partially covered in molten
                  | scales. (AC +2) [demonic ancestry]
  1405 | D:2      | Reached XP level 4. HP: 30/37 MP: 4/4
  1864 | D:3      | Reached skill level 1 in Dodging
  1891 | D:3      | Found a glowing drain.
  1895 | Sewer    | Entered a sewer
  2147 | Sewer    | Noticed Pargi
  2157 | Sewer    | Killed Pargi
  2158 | Sewer    | Reached skill level 3 in Maces & Flails
  2158 | Sewer    | Reached XP level 5. HP: 34/43 MP: 5/5
  2450 | D:3      | Found an opulent altar of Gozag.
  2484 | D:3      | Reached skill level 5 in Fighting
  2774 | D:3      | Identified the +1 plate armour of Beogh's Fury {Contam
                  | +Blink rPois}
  3420 | D:4      | Gained mutation: You sometimes gain power by taking damage.
                  | [demonic ancestry]
  3420 | D:4      | Reached XP level 6. HP: 44/51 MP: 6/6
  3523 | D:4      | Noticed Sigmund
  3555 | D:4      | Killed Sigmund
  3556 | D:4      | Reached skill level 4 in Maces & Flails
  3556 | D:4      | Reached skill level 1 in Throwing
  3701 | D:4      | Noticed Edmund
  3707 | D:4      | Edmund changed into Edmund the scorpion
  3707 | D:4      | Noticed Edmund
  3718 | D:4      | Killed Edmund the scorpion
  3936 | D:4      | Reached XP level 7. HP: 33/56 MP: 7/7
  4091 | D:4      | Reached skill level 1 in Stealth
  4266 | D:4      | Found a staircase to the Ecumenical Temple.
  4300 | D:4      | Reached skill level 1 in Evocations
  4321 | Temple   | Entered the Ecumenical Temple
  4942 | D:4      | Gained mutation: You are strong-willed. (Will+) [potion of
                  | mutation]
  4950 | D:5      | Entered Level 5 of the Dungeon
  5037 | D:5      | Reached skill level 5 in Armour
  5297 | D:5      | Found a radiant altar of Vehumet.
  5334 | D:5      | Reached XP level 8. HP: 54/64 MP: 8/8
  5466 | D:5      | Reached skill level 5 in Maces & Flails
  5525 | D:5      | HP: 2/65 [acid (5)]
  5871 | D:5      | Found a blossoming altar of Fedhas.
  6883 | D:6      | Gained mutation: You have sharp fingernails. [demonic
                  | ancestry]
  6883 | D:6      | Reached XP level 9. HP: 60/74 MP: 9/9
  6925 | D:6      | Reached skill level 6 in Maces & Flails
  7337 | D:6      | Found an ancient bone altar of Kikubaaqudgha.
 10049 | D:9      | Noticed a troll
 10054 | D:9      | Killed a troll
 10207 | D:9      | Noticed Joseph
 10248 | D:9      | Killed Joseph
 10249 | D:9      | Reached skill level 7 in Maces & Flails
 10293 | D:9      | Gained mutation: A meltable icy envelope protects you from
                  | harm. (AC +8) [demonic ancestry]
 10293 | D:9      | Reached XP level 10. HP: 35/85 MP: 10/10
 10342 | D:9      | Reached skill level 10 in Fighting
 10638 | D:9      | Reached skill level 5 in Evocations
 10699 | D:9      | Found a shadowy altar of Dithmenos.
 11089 | D:9      | Reached skill level 8 in Maces & Flails
 11308 | D:10     | Entered Level 10 of the Dungeon
 11364 | D:10     | Found a staircase to the Orcish Mines.
 11525 | D:10     | Found a sacrificial altar of Ru.
 11658 | D:10     | Gained mutation: You are mostly covered in molten scales.
                  | (AC +3) [demonic ancestry]
 11658 | D:10     | Reached XP level 11. HP: 90/90 MP: 11/11
 11800 | D:10     | Reached skill level 1 in Unarmed Combat
 11925 | D:10     | Found a staircase to the Lair.
 12094 | D:10     | Noticed a two-headed ogre
 12110 | D:10     | Killed a two-headed ogre
 12449 | D:10     | Reached skill level 9 in Maces & Flails
 12468 | D:10     | Found a basalt altar of Yredelemnul.
 12587 | D:10     | Gained mutation: You are agile. (Dex +4, Str/Int -1)
                  | [mutagenic glow]
 12783 | Temple   | Became a worshipper of Trog the Wrathful
 12931 | Lair:1   | Entered Level 1 of the Lair of Beasts
 13076 | Lair:1   | Reached skill level 10 in Armour
 13194 | Lair:1   | Noticed Maggie
 13208 | Lair:1   | Killed Maggie
 13287 | Lair:1   | Gained mutation: A meltable icy envelope protects you from
                  | harm. (AC +8) [demonic ancestry]
 13287 | Lair:1   | Reached XP level 12. HP: 93/97 MP: 12/12
 13467 | Lair:1   | Reached skill level 10 in Maces & Flails
 13468 | Lair:1   | Reached * piety under Trog
 13758 | Lair:2   | Noticed a death yak
 13759 | Lair:2   | Noticed a death yak
 13759 | Lair:2   | Noticed a death yak
 13760 | Lair:2   | Noticed a death yak
 13778 | Lair:2   | Noticed a death yak
 13779 | Lair:2   | Killed a death yak
 13787 | Lair:2   | Killed a death yak
 13798 | Lair:2   | Killed a death yak
 13799 | Lair:2   | Killed a death yak
 13809 | Lair:2   | Killed a death yak
 14070 | Lair:2   | Reached skill level 11 in Maces & Flails
 14298 | Lair:2   | Found a staircase to the Shoals.
 14945 | Lair:3   | Noticed Sonja
 14950 | Lair:3   | Noticed an eight-headed hydra
 14969 | Lair:3   | Killed an eight-headed hydra
 14974 | Lair:3   | Noticed a four-headed hydra
 14991 | Lair:3   | Reached ** piety under Trog
 14993 | Lair:3   | Killed a four-headed hydra
 15012 | Lair:3   | Killed Sonja
 15013 | Lair:3   | Reached XP level 13. HP: 58/106 MP: 13/13
 15262 | Lair:3   | Reached skill level 12 in Maces & Flails
 15809 | Lair:3   | Found a hole to the Spider Nest.
 15914 | Lair:3   | Noticed Fannar
 15928 | Lair:3   | Killed Fannar
 15948 | Lair:3   | Gained mutation: You are occasionally teleported next to
                  | monsters. [mutagenic glow]
 16436 | Lair:4   | Noticed Urug
 16446 | Lair:4   | Killed Urug
 16471 | Lair:4   | Identified the +2 plate armour "Duxempuff" {+Inv Will+
                  | Str+3 Int-4}
 16516 | Lair:4   | Found a staircase to the Slime Pits.
 16600 | Lair:4   | Reached *** piety under Trog
 16676 | Lair:4   | Reached skill level 13 in Maces & Flails
 17386 | Lair:5   | Entered Level 5 of the Lair of Beasts
 17787 | Lair:5   | Reached **** piety under Trog
 18275 | Lair:5   | Reached XP level 14. HP: 78/116 MP: 14/14
 18431 | Lair:5   | Reached skill level 14 in Maces & Flails
 18501 | Lair:5   | Identified the +0 robe "Hyocic" {Int+5 Slay+2}
 18769 | Orc:1    | Entered Level 1 of the Orcish Mines
 18966 | Orc:1    | Reached ***** piety under Trog
 19275 | Orc:2    | Entered Level 2 of the Orcish Mines
 19428 | Orc:2    | Noticed an orc warlord
 19779 | Orc:2    | Killed an orc warlord
 20129 | Orc:2    | Found a staircase to the Elven Halls.
 20205 | Orc:2    | HP: 5/177 [orc knight/+0 war axe (11)]
 20206 | Orc:2    | Demolished by an orc knight

Illustrated notes

Levels and vault maps discovered:
D:1:      minmay_arrival_hallway, layout_loops_ring,
          shapermc_ecumenical_altar_totnotflames
D:2:      layout_rooms, basic_altar, minmay_tromino_v4_c
D:3:      layout_basic, nicolae_overflow_hidden_temple,
          nicolae_gozag_cash_rules_everything_around_me, gup_sewer_entry_spiral,
          minmay_misc_feat_plants
D:4:      layout_loops_ring, minmay_temple_entry_arrows, moated_statue,
          sigmund_edmund_badplayer
D:5:      kennysheep_steamy, layout_gridville, mainiacjoe_overflow_boulevard,
          fedhas_bush_and_centaur_altar
D:6:      layout_layer_cave, mainiacjoe_overflow_catwalk
D:7:      layout_basic, grunt_decor_resistance
D:8:      layout_loops_ring, nrook_campfire, item_on_display_a
D:9:      layout_rooms, lemuel_doored_altar, uniq_joseph
D:10:     layout_loops_corners, lemuel_mausoleum_altar_yredelemnul,
          mainiacjoe_overflow_alcove_1, grunt_lair_entry_orc_guard_hut,
          orc_0_dummy
Temple:   nicolae_temple_ecumenical_triangle
Lair:1:   layout_long_grid, infiniplex_staircase_pool, grunt_megastairs_2,
          uniq_maggie
Lair:2:   layout_roguey, minmay_shoals_entry_lonely_mermaid, st_stairs_8,
          cheibrodos_lair_caveside_slide
Lair:3:   layout_roguey [special_room_mythical_zoo], spider_nest_entry_rubble,
          serial_bayou_pond_c, serial_bayou_pond_e, beast_lair_carwin_7,
          uniq_sonja, uniq_fannar
Lair:4:   layout_regular_city, minmay_slime_entry_pillars, uniq_urug
Lair:5:   grunt_lair_end_beastmaster, layout_long_grid,
          infiniplex_staircase_pool_2
Orc:1:    layout_caves, kennysheep_orc_chapel
Orc:2:    grunt_orc_tribal_feast, layout_caves, rock_pile

Skill      XL: |  1  2  3  4  5  6  7  8  9 10 11 12 13 14 |
---------------+-------------------------------------------+-----
Maces & Flails | 2 3 4 5 7 8 9 11 13 14 | 14.7
Armour         | 3 4 5 7 10 | 10.0
Dodging        | 1 2 3 4 |  4.0
Fighting       | 4 5 7 9 10 11 12 13 | 13.3
Throwing       | 1 2 3 4 |  4.0
Stealth        | 1 2 3 4 |  4.0
Evocations     | 2 4 6 7 8 |  8.1
Unarmed Combat | 3 4 |  4.0
Shields        | 3 4 |  4.0

Action                   |  1- 3 |  4- 6 |  7- 9 | 10-12 | 13-15 || total
-------------------------+-------+-------+-------+-------+-------++-------
Melee: Flail             |    90 |   181 |   239 |   657 |   569 ||  1736
       Whip              |       |       |   252 |       |       ||   252
       Morningstar       |       |       |       |       |   269 ||   269
Throw: Dart              |       |     2 |     3 |    42 |    16 ||    63
       Javelin           |       |       |       |       |     1 ||     1
Invok: Berserk           |       |       |       |     2 |     3 ||     5
       Trog's Hand       |       |       |       |       |     2 ||     2
Evoke: Wand              |       |     2 |       |       |       ||     2
       Condenser vane    |       |       |       |     1 |     1 ||     2
       Tin of tremorston |       |       |       |       |     3 ||     3
  Use: Scroll            |       |     8 |     7 |     3 |     3 ||    21
       Potion            |       |       |    10 |     4 |       ||    14
 Stab: Invisible         |       |       |       |     2 |       ||     2
       Petrified         |       |       |       |       |     4 ||     4
Armor: Scale mail        |    48 |    47 |       |       |       ||    95
       Plate armour      |       |    63 |   351 |   388 |   572 ||  1374
Dodge: Dodged            |    33 |    51 |   135 |   198 |   332 ||   749
Block: Buckler           |    32 |    83 |   261 |   282 |   373 ||  1031
       Kite shield       |       |       |       |       |   253 ||   253

Table legend: (Time is in decaauts)
 A = Elapsed time spent in this place.
 B = Non-inter-level travel time spent in this place.
 C = Inter-level travel time spent in this place.
 D = Time resting spent in this place.
 E = Time spent auto-exploring this place.
 F = Levels seen in this place.
 G = Mean time per level.
                   A        B        C        D        E       F      G
               +--------+--------+--------+--------+--------+-----+--------+
         Total |  20222 |  17946 |   2276 |   2915 |  10107 |  19 | 1064.3 |
       Dungeon |  12603 |  11214 |   1389 |   2683 |   5917 |  10 | 1260.3 |
        Temple |     93 |     75 |     18 |      0 |     48 |   1 |   93.0 |
          Lair |   5751 |   4965 |    786 |    121 |   3303 |   5 | 1150.2 |
  Orcish Mines |   1426 |   1345 |     81 |     10 |    798 |   2 |  713.0 |
         Sewer |    348 |    348 |      0 |    100 |     41 |   1 |  348.0 |
               +--------+--------+--------+--------+--------+-----+--------+

Top non-repeatable levels by time:
     D:5: 1703 daAuts
     D:4: 1691 daAuts
     D:9: 1377 daAuts
     D:6: 1359 daAuts
  Lair:3: 1357 daAuts
    D:10: 1301 daAuts
     D:3: 1293 daAuts
     D:7: 1243 daAuts
  Lair:2: 1229 daAuts
  Lair:5: 1132 daAuts
  Lair:4: 1087 daAuts
     D:1: 989 daAuts
  Lair:1: 944 daAuts
     D:2: 906 daAuts
     D:8: 736 daAuts
